 Dungeon Sprint DCSS version 0.24.0-13-gcf9b319 (webtiles) character file.

Game seed: 14188554299487587302, levelgen mode: deterministic

19978 Fang the Warrior (level 12, -18/132 HPs)
             Began as a Gargoyle Berserker on Dec 10, 2019.
             Was the Champion of Trog.
             Demolished by an Orb Guardian (35 damage)
             ... in the Dungeon (Sprint V: "Ziggurat Sprint").
             The game lasted 00:03:50 (1176 turns).

Fang the Warrior (Gargoyle Berserker)               Turns: 1176, Time: 00:03:51

Health: -18/132    AC: 49    Str: 34    XL:     12   Next: 74%
Magic:  12/12      EV: 10    Int: 14    God:    Trog [******]
Gold:   0          SH: 33    Dex: 12    Spells: 11/11 levels left

rFire    . . .     SeeInvis +   A - +9 broad axe (drain)
rCold    . . .     Gourm    .   B - +18 shield of the Gong {rElec rN+ MR+ EV-5}
rNeg     + + .     Faith    .   b - +15 Maxwell's patent armour {-Cast -Tele rElec MR+ rCorr}
rPois    ∞         Spirit   .   J - +2 helmet {Int+3}
rElec    +         Reflect  .   (no cloak)
rCorr    +         Harm     .   y - +1 pair of gloves "Ockolug" {Str-5 Int+5}
MR       +++..     NoTele   +   M - +1 pair of boots of Ehalemor {Dex+3 Stlth+} Stlth ..........NoCast +
                                E - amulet of Equivalence {Acrobat Str+2}
HPRegen  0.32/turn              D - +6 ring of strength
MPRegen  0.13/turn              H - ring of Exzazaba {-Tele MR+ rCorr Slay+3 SInv}

@: berserking (expiring), studying 2 skills, very quick
A: dopey 1, negative energy resistance 1, electricity resistance, unbreathing,
petrification resistance, rot immunity, AC +8
a: Berserk, Trog's Hand, Brothers in Arms, Renounce Religion


You were in the Dungeon.
You worshipped Trog.
Trog was exalted by your worship.
You were hungry.

You visited 1 branch

Inventory:

Hand Weapons
 a - a +8 broad axe
 o - a +4 broad axe of freezing
 A - a +9 broad axe of draining (weapon)
 C - a +2 broad axe of electrocution
Armour
 b - the +15 Maxwell's patent armour (worn) {-Cast -Tele rElec MR+ rCorr}
   (You found it in the Dungeon)

   It insulates you from electricity.
   It affects your resistance to hostile enchantments.
   It prevents spellcasting.
   It prevents most forms of teleportation.
   It provides partial protection from all sources of acid and corrosion.
 y - the +1 pair of gloves "Ockolug" (worn) {Str-5 Int+5}
   (You found it in the Dungeon)

   It affects your strength (-5).
   It affects your intelligence (+5).
 B - the +18 shield of the Gong (worn) {rElec rN+ MR+ EV-5}
   (You found it in the Dungeon)

   It affects your evasion (-5).
   It insulates you from electricity.
   It protects you from negative energy.
   It affects your resistance to hostile enchantments.
 J - a +2 helmet of intelligence (worn)
 M - the +1 pair of boots of Ehalemor (worn) {Dex+3 Stlth+}
   (You found it in the Dungeon)

   It affects your dexterity (+3).
   It makes you more stealthy.
Jewellery
 x - the ring of Divine Intervention {Ice Str+5 Int+2}
   (You found it in the Dungeon)

   [ring of ice]

   It enhances your ice magic.
   It affects your strength (+5).
   It affects your intelligence (+2).
   It makes you vulnerable to fire.
   It protects you from cold.
 D - a +6 ring of strength (left hand)
 E - the amulet of Equivalence (around neck) {Acrobat Str+2}
   (You found it in the Dungeon)

   [amulet of the acrobat]

   It helps you evade while moving and waiting.
   It affects your strength (+2).
 G - the ring of Shadows {Umbra +Inv Stlth+}
   (You took it off an orc knight in the Dungeon)

   [ring of stealth]

   It lets you turn invisible.
   It makes you more stealthy.
 H - the ring of Exzazaba (right hand) {-Tele MR+ rCorr Slay+3 SInv}
   (You found it in the Dungeon)

   [ring of resist corrosion]

   It affects your accuracy and damage with ranged weapons and melee attacks
   (+3).
   It affects your resistance to hostile enchantments.
   It lets you see invisible.
   It prevents most forms of teleportation.
   It provides partial protection from all sources of acid and corrosion.
 I - a +5 ring of protection
Wands
 u - a wand of disintegration (7)
 v - a wand of iceblast (7)
 w - a wand of acid (7)
Scrolls
 i - 4 scrolls of blinking
 j - 7 scrolls of fog
 k - a scroll of holy word
 l - 5 scrolls of identify
 m - 5 scrolls of remove curse
 n - 2 scrolls of fear
Potions
 d - 10 potions of curing
 e - 10 potions of heal wounds
 f - 6 potions of haste
 h - 3 potions of berserk rage
 p - 2 potions of invisibility
 q - 4 potions of resistance
 r - a potion of experience
 s - 5 potions of agility
 t - 5 potions of might
 z - a potion of lignification {unknown}
Books
 g - a manual of Bows
 F - a manual of Evocations
Comestibles
 c - 8 rations
 K - 13 chunks of flesh


   Skills:
 + Level 15.7 Fighting
 + Level 13.5 Axes
 + Level 15.5 Armour
 + Level 12.4 Dodging
 + Level 15.4 Shields


You had 11 spell levels left.
You didn't know any spells.
Your spell library was empty.

Dungeon Overview and Level Annotations

Branches:
Dungeon (1/1)

Altars:
Ashenzari
Cheibriados
Dithmenos
Elyvilon
Fedhas
Gozag
Hepliaklqana
Kikubaaqudgha
Makhleb
Nemelex Xobeh
Okawaru
Qazlal
Ru
Sif Muna
Trog
Uskayaw
Vehumet
Wu Jian
Xom
Yredelemnul
Zin
The Shining One
Beogh
Jiyva
Lugonu

Annotations:
D 1 transporter


Innate Abilities, Weirdness & Mutations

You are resistant to torment.
Your stone body is resilient. (AC +8)
You are immune to poison.
You resist negative energy. (rN+)
You are resistant to electric shocks. (rElec)
You can survive without breathing.
You are immune to petrification.
You are immune to rotting.
You are dopey. (Int -2)


Message History

You block the green draconian's attack.
BONNNG!
The green draconian closely misses you. You block the black draconian's attack.
PANG!
The Orb Guardian misses you.
Unknown command.
You slice the Orb Guardian!!
The Orb Guardian is almost dead.
You slice the green draconian!! You hit the purple draconian.
You drain the purple draconian. You slice the purple draconian!!
You drain the purple draconian! You slice the purple draconian!!
You drain the purple draconian. You slice the black draconian!!
You drain the black draconian! You hit the red draconian.
You drain the red draconian.
You block the purple draconian's attack.
PANG!
You block the red draconian's attack.
GONNNNG!
The Orb Guardian hits you!!
You die...

▓.▓..|..▓.▓
▓....8©8....▓....©....▓
▓..)|}).|:..▓▓▓▓▓▓▓▓▓▓▓
▓...}}|)=...▓...8©8...▓
▓...........▓..}|:.)..▓
▓...........▓...}.)...▓
▓.....y.....▓.........▓
▓...ddXdd...▓.........▓
▓yd@d.▓ ▓.........▓
▓▓d.d▓▓ ▓......)..▓
▓..▓.....▓..▓.▓.....▓.▓
▓.....©.....▓....©).).▓
▓▓▓▓▓▓▓▓▓▓▓▓▓▓▓▓▓▓▓▓▓▓▓
▓...8©8...▓...8©8...▓..
▓..:.)))[.▓..).).}..▓..
▓..)}:=)..▓..=):))..▓..
▓.........▓.........▓..


You could see a black draconian (berserk), a yellow draconian, a green draconian
(berserk), 3 draconians, 2 draconians, an Orb Guardian (berserk) and 2 moths of
wrath.

Vanquished Creatures
  A tentacled monstrosity (D)
  A deep elf elementalist (D)
  A very ugly thing (D)
  An ettin (D)
  A deep elf high priest (D)
  2 dancing weapons (D)
  2 two-headed ogres (D)
  A deep elf knight (D)
  A sea snake (shapeshifter) (D)
  An ugly thing (D)
  7 deep elf magi (D)
  4 orc knights (D)
  A shining eye (D)
  A manticore (shapeshifter) (D)
  2 orc sorcerers (D)
  A black mamba (shapeshifter) (D)
  An elephant (shapeshifter) (D)
  A redback (shapeshifter) (D)
  Sigmund (D)
  A water elemental (D)
  A fire elemental (D)
  2 neqoxecs (D)
  3 orc warriors (D)
  A phantom (D)
  A wolf (D)
  A necrophage (D)
  An ogre (D)
  Blork the orc (D)
  2 earth elementals (D)
  6 scorpions (D)
  Dowan (D)
  2 wights (D)
  2 crimson imps (D)
  A quasit (D)
  An iron imp (D)
  Crazy Yiuf (D)
  Jessica (D)
  An orc wizard (D)
  2 river rats (D)
  3 shadow imps (D)
  A white imp (D)
  2 bat zombies (D)
  A jackal (D)
70 creatures vanquished.

Vanquished Creatures (collateral kills)
  A pandemonium lord (D)
  A chaos spawn (D)
  A crimson imp (D)
  A quasit (D)
  2 iron imps (D)
6 creatures vanquished.

Grand Total: 76 creatures vanquished

Notes
Turn   | Place    | Note
-------+----------+-------------------------------------------
     0 | D        | Fang the Gargoyle Berserker began the quest for the Orb.
     0 | D        | Reached XP level 1. HP: 14/14 MP: 1/1
     1 | D        | Found a blossoming altar of Fedhas.
     2 | D        | Found the +6 Majin-Bo {vamp, Archmagi MP+6 Int+6}
     2 | D        | Found the +7 great mace "Firestarter" {inner flame, rF++}
     3 | D        | Found a viscous altar of Jiyva.
     3 | D        | Found a hazy altar of Hepliaklqana.
     3 | D        | Found a transporter.
     3 | D        | Found an opulent altar of Gozag.
     3 | D        | Found an ancient bone altar of Kikubaaqudgha.
     3 | D        | Found a corrupted altar of Lugonu.
    17 | D        | Found a burning altar of Makhleb.
    19 | D        | Found a stormy altar of Qazlal.
    19 | D        | Found an iron altar of Okawaru.
    19 | D        | Found a sacrificial altar of Ru.
    19 | D        | Found a sparkling altar of Nemelex Xobeh.
    19 | D        | Found a shimmering blue altar of Sif Muna.
    19 | D        | Found a bloodstained altar of Trog.
    26 | D        | Found the +9 heavy crossbow "Sniper" {velocity, Acc+∞ SInv}
    26 | D        | Found the +10 dark maul {crush}
    26 | D        | Found the +15 Maxwell's patent armour {-Cast -Tele rElec
                  | MR+ rCorr}
    26 | D        | Found the +18 shield of the Gong {rElec rN+ MR+ EV-5}
    26 | D        | Found the cursed +14 obsidian axe {chop, +Fly SInv *Curse}
    83 | D        | Entered arena 2.
    83 | D        | Noticed a scorpion
    83 | D        | Noticed a scorpion
    83 | D        | Found a transporter.
    90 | D        | Killed a scorpion
    90 | D        | Reached XP level 2. HP: 20/20 MP: 2/2
    90 | D        | Reached XP level 3. HP: 25/25 MP: 3/3
    92 | D        | Killed a scorpion
    92 | D        | Reached skill level 5 in Fighting
    92 | D        | Reached XP level 4. HP: 31/31 MP: 4/4
   164 | D        | Entered arena 3.
   164 | D        | Noticed a two-headed ogre
   164 | D        | Noticed a two-headed ogre
   164 | D        | Noticed an ogre
   164 | D        | Found a transporter.
   168 | D        | Killed an ogre
   168 | D        | Reached ** piety under Trog
   168 | D        | Reached skill level 5 in Axes
   168 | D        | Reached skill level 5 in Armour
   168 | D        | Reached skill level 5 in Shields
   168 | D        | Reached XP level 5. HP: 36/36 MP: 5/5
   170 | D        | Killed a two-headed ogre
   170 | D        | Reached XP level 6. HP: 45/45 MP: 6/6
   170 | D        | Reached XP level 7. HP: 50/50 MP: 7/7
   172 | D        | Killed a two-headed ogre
   172 | D        | Reached XP level 8. HP: 57/57 MP: 8/8
   256 | D        | Got the ring of Divine Intervention {Ice Str+5 Int+2}
   259 | D        | Entered arena 4.
   259 | D        | Found a transporter.
   262 | D        | Reached *** piety under Trog
   262 | D        | Reached skill level 10 in Fighting
   273 | D        | Entered arena 5.
   273 | D        | Found a transporter.
   275 | D        | Reached XP level 9. HP: 62/62 MP: 9/9
   277 | D        | Reached **** piety under Trog
   296 | D        | Entered arena 6.
   296 | D        | Noticed Sigmund
   296 | D        | Noticed Jessica
   296 | D        | Noticed Blork the orc
   296 | D        | Noticed Crazy Yiuf
   296 | D        | Noticed Dowan
   296 | D        | Found a transporter.
   301 | D        | Killed Crazy Yiuf
   301 | D        | Reached skill level 10 in Armour
   301 | D        | Killed Blork the orc
   302 | D        | Killed Dowan
   302 | D        | Reached ***** piety under Trog
   304 | D        | Killed Jessica
   309 | D        | Killed Sigmund
   309 | D        | Reached skill level 10 in Shields
   347 | D        | Entered arena 7.
   348 | D        | Found a transporter.
   349 | D        | Received a gift from Trog
   367 | D        | Got the +1 pair of gloves "Ockolug" {Str-5 Int+5}
   375 | D        | Got the amulet of Equivalence {Acrobat Str+2}
   378 | D        | Entered arena 8.
   379 | D        | Found a transporter.
   384 | D        | Received a gift from Trog
   385 | D        | Reached ****** piety under Trog
   385 | D        | Received a gift from Trog
   405 | D        | Entered arena 9.
   405 | D        | Noticed a +1 long sword of draining
   405 | D        | Noticed a deep elf mage
   405 | D        | Noticed a +1 short sword of venom
   405 | D        | Noticed a deep elf mage
   405 | D        | Noticed a deep elf mage
   405 | D        | Noticed a deep elf mage
   405 | D        | Noticed a deep elf mage
   406 | D        | Found a transporter.
   406 | D        | Noticed a sixfirhy
   413 | D        | Killed a +1 long sword of draining
   413 | D        | Killed a deep elf mage
   413 | D        | Reached XP level 10. HP: 70/70 MP: 10/10
   416 | D        | Killed a deep elf mage
   416 | D        | Reached skill level 10 in Axes
   416 | D        | Killed a +1 short sword of venom
   418 | D        | Killed a deep elf mage
   418 | D        | Received a gift from Trog
   425 | D        | Killed a deep elf mage
   438 | D        | Killed a deep elf mage
   729 | D        | Entered arena 10.
   729 | D        | Noticed Wusohim the pandemonium lord
   730 | D        | Found a transporter.
   733 | D        | Noticed an iron dragon
   736 | D        | Killed Wusohim the pandemonium lord
   736 | D        | Reached skill level 10 in Dodging
   736 | D        | Reached XP level 11. HP: 64/78 MP: 11/11
   736 | D        | Received a gift from Trog
   898 | D        | Entered arena 11.
   898 | D        | Noticed a deep elf mage
   898 | D        | Noticed a deep elf elementalist
   898 | D        | Noticed a deep elf high priest
   898 | D        | Noticed a deep elf mage
   898 | D        | Noticed a deep elf knight
   899 | D        | Found the +3 giant club "Skullcrusher" {speed, Str+7}
   899 | D        | Found a transporter.
   912 | D        | Killed a deep elf high priest
   912 | D        | Killed a deep elf knight
   912 | D        | Received a gift from Trog
   913 | D        | Killed a deep elf elementalist
   913 | D        | Killed a deep elf mage
   913 | D        | Killed a deep elf mage
   913 | D        | Received a gift from Trog
   977 | D        | Got the ring of Exzazaba {-Tele MR+ rCorr Slay+3 SInv}
   998 | D        | Entered arena 12.
   998 | D        | Noticed a cyan ugly thing
   998 | D        | Noticed a glowing orange brain
   998 | D        | Gained mutation: You are dopey. (Int -2) [a neqoxec]
   998 | D        | Noticed a shining eye
   999 | D        | Noticed a green very ugly thing
   999 | D        | Noticed a glowing orange brain
   999 | D        | Noticed a glowing orange brain
   999 | D        | Noticed a manticore
   999 | D        | a glowing orange brain changed into a manticore
   999 | D        | Noticed a cyclops
   999 | D        | a glowing orange brain changed into a cyclops
  1000 | D        | Found a transporter.
  1000 | D        | Noticed a swamp dragon
  1000 | D        | a cyclops changed into a swamp dragon
  1001 | D        | Noticed a faun
  1001 | D        | a swamp dragon changed into a faun
  1001 | D        | Noticed a two-headed ogre
  1001 | D        | a glowing orange brain changed into a two-headed ogre
  1002 | D        | a manticore changed into a hippogriff
  1002 | D        | Noticed a harpy
  1002 | D        | a basilisk changed into a harpy
  1002 | D        | a two-headed ogre changed into a redback
  1005 | D        | Noticed a death drake
  1005 | D        | a hippogriff changed into a death drake
  1005 | D        | a faun changed into a slime creature
  1006 | D        | a harpy changed into a black mamba
  1007 | D        | a death drake changed into a hippogriff
  1007 | D        | Noticed a sea snake
  1007 | D        | a slime creature changed into a sea snake
  1010 | D        | Killed a shining eye
  1010 | D        | Noticed a manticore
  1010 | D        | a water nymph changed into a manticore
  1011 | D        | Killed a cyan very ugly thing
  1011 | D        | Received a gift from Trog
  1011 | D        | Reached XP level 12. HP: 86/86 MP: 12/12
  1071 | D        | Got the +1 pair of boots of Ehalemor {Dex+3 Stlth+}
  1086 | D        | Entered arena 13.
  1086 | D        | Noticed an ettin
  1087 | D        | Identified the +7 plate armour of Duty {+Blink Regen+ rCorr
                  | Str-2}
  1089 | D        | Found a transporter.
  1093 | D        | Reached skill level 15 in Fighting
  1096 | D        | Killed an ettin
  1096 | D        | Reached skill level 15 in Armour
  1100 | D        | Received a gift from Trog
  1107 | D        | Reached skill level 15 in Shields
  1119 | D        | Received a gift from Trog
  1161 | D        | Entered arena 14.
  1162 | D        | Noticed a tentacled monstrosity
  1162 | D        | Noticed an Orb Guardian
  1162 | D        | Noticed a black draconian
  1162 | D        | Noticed a red draconian
  1162 | D        | Noticed a purple draconian
  1162 | D        | Noticed a green draconian
  1162 | D        | Noticed a red draconian
  1162 | D        | Noticed a purple draconian
  1162 | D        | Noticed a purple draconian
  1163 | D        | Noticed a yellow draconian
  1165 | D        | Found a transporter.
  1174 | D        | Killed a tentacled monstrosity
  1176 | D        | Demolished by an Orb Guardian

Levels and vault maps discovered:
D:        sprint_v [room_start, room_1, room_2, room_3, room_4, room_5, room_6,
          room_7, room_8, room_9, room_10, room_11, room_12, room_13, room_14,
          room_15, room_16, room_17, room_18, room_19, room_20, room_21,
          room_22, room_23, room_24, room_25, room_26, room_27]

Skill      XL: |  1  2  3  4  5  6  7  8  9 10 11 12 |
---------------+-------------------------------------+-----
Fighting       | 4 5 6 8 9 10 11 13 14 15 | 15.7
Axes           | 3 4 5 7 8 9 11 12 13 | 13.5
Armour         | 4 5 8 9 11 13 14 15 | 15.5
Dodging        | 3 4 6 7 8 10 11 12 | 12.4
Shields        | 3 4 5 8 9 11 12 14 15 | 15.4

Action                   |  1- 3 |  4- 6 |  7- 9 | 10-12 || total
-------------------------+-------+-------+-------+-------++-------
Melee: Broad axe         |     7 |     4 |    43 |    95 ||   149
Invok: Berserk           |     1 |     1 |     2 |     4 ||     8
       Brothers in Arms  |       |       |       |     2 ||     2
  Use: Scroll            |       |       |     4 |       ||     4
  Eat: Chunk             |       |       |     1 |     7 ||     8
Armor: Plate armour      |       |     2 |    27 |    18 ||    47
Dodge: Dodged            |       |       |    12 |    22 ||    34
Block: Shield            |    15 |     5 |    74 |   136 ||   230
